 Dungeon Crawl Stone Soup version 0.29-a0-330-g52719c12eb (webtiles) character file.

Game seed: 6038513950424217838

100 Ajdolov the Ruffian (level 4, -1/24 HPs)
             Began as a Vine Stalker Fighter on Apr 23, 2022.
             Succumbed to Sigmund's poison
             ... on level 3 of the Dungeon.
             The game lasted 00:02:22 (2078 turns).

Ajdolov the Ruffian (Vine Stalker Fighter)          Turns: 2078, Time: 00:02:22

Health: -1/24      AC:  8    Str: 20    XL:     4   Next: 73%
Magic:  4/14       EV:  9    Int:  8    God:
Gold:   103        SH:  4    Dex: 14    Spells: 3/3 levels left

rFire   . . .      SeeInvis .     - Unarmed
rCold   . . .      Faith    .   b - +0 buckler
rNeg    . . .      Spirit   +   a - +0 scale mail
rPois   .          Reflect  .   (no helmet)
rElec   .          Harm     .   (no cloak)
rCorr   .          Rampage  .   k - +0 pair of gloves
Will    .....                   i - +0 pair of boots
Stlth   ..........              (no amulet)
HPRegen 0.88/turn               f - ring of magical power
MPRegen 0.14/turn               (no ring)

@: lethally poisoned (-1 -> -14), flying
A: fangs 2, regeneration 1, magic shield, antimagic bite, no potion heal 2
a: no special abilities


You were on level 3 of the Dungeon.
You visited 1 branch of the dungeon, and saw 3 of its levels.

You collected 103 gold pieces.

Inventory:

Armour
 a - a +0 scale mail (worn)
 b - a +0 buckler (worn)
 i - a +0 pair of boots (worn)
 k - a +0 pair of gloves (worn)
Jewellery
 f - a ring of magical power (left hand)
Wands
 p - a wand of acid (14)
Scrolls
 g - 2 scrolls of identify {unknown}
 h - a scroll of teleportation {unknown}
 m - a scroll of amnesia {unknown}
 n - a scroll of summoning {unknown}
 o - a scroll of brand weapon {unknown}
Potions
 c - a potion of might
 d - a potion of flight
 e - a potion of lignification {unknown}
 j - a potion of attraction {unknown}
 l - a potion of brilliance {unknown}
 q - a potion of mutation {unknown}


   Skills:
 + Level 3.5 Fighting
 - Level 2.4 Armour
 - Level 2.6 Shields
 * Level 4.0 Unarmed Combat


You had 3 spell levels left.
You didn't know any spells.
Your spell library contained the following spells:

 Spells                   Type           Power      Damage    Failure   Level
 Summon Small Mammal      Summ           0%         N/A       86%         1
 Call Canine Familiar     Summ           0%         N/A       99%         3
 Summon Guardian Golem    Hex/Summ       0%         N/A       99%         3


Dungeon Overview and Level Annotations

Branches:
Dungeon (3/15)

Altars:
Wu Jian

Annotations:
D:2 1 runed translucent door, Crazy Yiuf
D:3 Sigmund


Innate Abilities, Weirdness & Mutations

You have extremely sharp teeth.
Your natural rate of healing is unusually fast.
When hurt, damage is shared between your health and your magic reserves.
Your bite disrupts and absorbs the magic of your enemies.
Potions cannot restore your health.


Message History

No target in view!
Found a stone staircase leading up.
q - a sedimented silvery potion You now have 103 gold pieces (gained 11).
Sigmund the Dreaded comes into view.
He is wielding a +2 scythe of venom.
Sigmund shouts!
Sigmund points at you and mumbles some strange words.
You resist with some effort.
You hit Sigmund. Your bite misses Sigmund.
Sigmund is lightly wounded.
Sigmund hits you but does no damage.
You are poisoned.
You closely miss Sigmund.
Sigmund is lightly wounded.
You feel very sick.
Sigmund mumbles some strange words.
Sigmund flickers and vanishes!
Deactivating autopickup; reactivate with Ctrl-A.
You hit something. Your bite misses something.
You feel sick. Something hits you.
You are more poisoned.
You closely miss something. Your bite misses something.
You feel very sick.
You barely miss something. Your bite misses something.
You feel very sick. Something hits you.
You are lethally poisoned!
Aiming: Corrosive Bolt
Press: ? - help, Shift-Dir - straight line The bolt of acid hits something!
* * * LOW HITPOINT WARNING * * *
You feel very sick.
You hear some strange, mumbled words.
A puff of flame appears from out of thin air!
The puff of flame hits you.
* * * LOW HITPOINT WARNING * * *
It was a potion of flight.
You feel very buoyant.
You fly up into the air.
You die...

#.....###
#.....#
#.....#
##
#####.##.
#.#..
#.#.#
#.#.#
#.#.#
#.@{#
#####


There were no monsters in sight!

Vanquished Creatures
  Jessica (D:2)
  2 adders (D:2)
  A worm (D:3)
  2 dart slugs (D:1)
  6 ball pythons
  2 bats
  5 endoplasms
  2 giant cockroaches (D:2)
  3 goblins
  4 hobgoblins
  3 jackals (D:2)
  2 quokkas (D:2)
  6 frilled lizards
  4 kobolds
  4 rats (D:1)
47 creatures vanquished.

Notes
Turn   | Place    | Note
-------+----------+-------------------------------------------
     0 | D:1      | Ajdolov the Vine Stalker Fighter began the quest for the
                  | Orb.
     0 | D:1      | Reached XP level 1. HP: 11/11 MP: 2/2
   304 | D:1      | Reached XP level 2. HP: 16/16 MP: 3/3
   804 | D:1      | Reached skill level 3 in Unarmed Combat
   945 | D:1      | Reached XP level 3. HP: 20/20 MP: 4/4
  1396 | D:2      | Found a faded altar of an unknown god.
  1446 | D:2      | Noticed Jessica
  1460 | D:2      | Killed Jessica
  1461 | D:2      | Gained mutation: Your natural rate of healing is unusually
                  | fast. [Vine Stalker growth]
  1461 | D:2      | Reached XP level 4. HP: 24/24 MP: 5/5
  1714 | D:2      | Found a runed translucent door.
  1715 | D:2      | Noticed Crazy Yiuf
  1759 | D:2      | Reached skill level 4 in Unarmed Combat
  1804 | D:2      | Found an ornate altar of the Wu Jian Council.
  2067 | D:3      | Noticed Sigmund
  2078 | D:3      | Succumbed to Sigmund's poison

Illustrated notes

Levels and vault maps discovered:
D:1:      dpeg_chamrin_arrival_tetris, layout_basic
D:2:      layout_rooms, basic_altar, chequers_ecumenical_altar_simple_redux,
          due_unseen_surprise, uniq_jessica, uniq_crazy_yiuf_cottage
D:3:      minmay_razor_zed, layout_rooms, nicolae_vehumet_altar_sigil,
          nicolae_hepliaklqana_hippocampus, serial_shops, shop,
          minmay_gold_behind_fungi, uniq_ijyb, uniq_sigmund, uniq_terence

Skill      XL: |  1  2  3  4 |
---------------+-------------+-----
Fighting       | 3 |  3.5
Unarmed Combat | 3 4 |  4.0
Armour         | |  2.4
Shields        | |  2.6

Action                   |  1- 3 |  4- 6 || total
-------------------------+-------+-------++-------
Melee: Unarmed           |    88 |    58 ||   146
       Bite              |    19 |    14 ||    33
Evoke: Wand              |       |     1 ||     1
  Use: Potion            |       |     1 ||     1
Armor: Scale mail        |    36 |    20 ||    56
Dodge: Dodged            |    33 |    21 ||    54
Block: Buckler           |    11 |    10 ||    21

Table legend: (Time is in decaauts)
 A = Elapsed time spent in this place.
 B = Non-inter-level travel time spent in this place.
 C = Inter-level travel time spent in this place.
 D = Time resting spent in this place.
 E = Time spent auto-exploring this place.
 F = Levels seen in this place.
 G = Mean time per level.
                   A        B        C        D        E       F      G
               +--------+--------+--------+--------+--------+-----+--------+
         Total |   2074 |   2045 |     29 |    154 |   1551 |   3 |  691.3 |
       Dungeon |   2074 |   2045 |     29 |    154 |   1551 |   3 |  691.3 |
               +--------+--------+--------+--------+--------+-----+--------+

Top non-repeatable levels by time:
     D:1: 1042 daAuts
     D:2: 943 daAuts
     D:3: 88 daAuts
